 Dungeon Crawl Stone Soup version 0.20-a0-2-g2b0e13a (webtiles) character file.

18 varam the Magician (level 2, 0/19 HPs)
             Began as a Demonspawn Wizard on Oct 28, 2016.
             Slain by a kobold
             ... wielding a +0 short sword
              (5 damage)
             ... on level 1 of the Dungeon.
             The game lasted 00:02:41 (915 turns).

varam the Magician (Demonspawn Wizard)               Turns: 915, Time: 00:02:42

Health: 0/19       AC:  4    Str:  7    XL:     2   Next: 51%
Magic:  0/6        EV: 12    Int: 19    God:
Gold:   45         SH:  0    Dex: 11    Spells: 2 memorised, 4 levels left

rFire  . . .     SeeInvis .     e - +0 dagger
rCold  . . .     Gourm    .     a - +0 robe
rNeg   . . .     Faith    .     (no shield)
rPois  .         Spirit   .     b - +0 hat
rElec  .         Reflect  .     (no cloak)
rCorr  .         Harm     .     (no gloves)
MR     .....                    (no boots)
Stlth  ++........               (no amulet)
                                (no ring)
                                (no ring)

@: no status effects
A: molten scales 1
a: no special abilities


You were on level 1 of the Dungeon.
You were not hungry.

You visited 1 branch of the dungeon, and saw 1 of its levels.

You collected 45 gold pieces.

Inventory:

Hand Weapons
 e - a +0 dagger (weapon)
Armour
 a - a +0 robe (worn)
 b - a +0 hat (worn)
Scrolls
 g - a scroll of identify {unknown}
 k - 2 scrolls of teleportation {unknown}
Potions
 h - a potion of brilliance {unknown}
 j - a potion of haste {unknown}
Books
 c - a book of Minor Magic

   Spells                             Type                      Level
   a - Magic Dart                     Conjuration                  1
   b - Blink                          Translocation                2
   c - Call Imp                       Summoning                    2
   d - Repel Missiles                 Charms/Air                   2
   e - Slow                           Hexes                        2
   f - Conjure Flame                  Conjuration/Fire             3
   g - Mephitic Cloud                 Conjuration/Poison/Air       3
Comestibles
 d - a bread ration
 f - a slice of pizza
 i - 4 chunks of flesh


   Skills:
 - Level 1.7 Dodging
 - Level 1.7 Stealth
 - Level 3.4 Spellcasting
 - Level 1.6 Conjurations
 * Level 1.3 Summonings
   Level 0.8 Translocations


You had 4 spell levels left.
You knew the following spells:

 Your Spells              Type           Power        Failure   Level  Hunger
a - Magic Dart            Conj           #...         10%         1    None
b - Call Imp              Summ           #.......     14%         2    ##.....


Dungeon Overview and Level Annotations

Branches:
Dungeon (1/15)

Altars:


Innate Abilities, Weirdness & Mutations

You are partially covered in molten scales. (AC +2)


Message History

You closely miss the kobold.
The kobold is moderately wounded.
The kobold barely misses you.
You hit the kobold but do no damage.
The kobold is moderately wounded.
The kobold misses you.
You completely miss the kobold.
The kobold is moderately wounded.
The kobold hits you with a short sword!
Casting: Magic Dart
Confirm with . or Enter, or press ? or * to list all spells.
Aiming: Magic Dart
Press: ? - help, Shift-Dir - straight line, f/p - kobold
Aim: a kobold, wielding a short sword (moderately wounded)
The magic dart hits the kobold.
The kobold is moderately wounded.
The kobold completely misses you. The kobold hits you with a short sword.
The kobold hits you with a short sword.
You die...

# #.......♣.P♣ #
#........♣♣♣# # #
#...........#.#
#.............# #
#..........###### #
#.......†...†..[#
###...........###.#
.###.########.#.#K#
.# #.# #.#.@.# .#
#.# ###.#.###
.###.######...#.#
..##.........##.#
..##.........##.#
..##.........##.#
...#.........##.#
...#.##'#######.####
....)....######....#


You could see a kobold.

Vanquished Creatures
  A dart slug (D:1)
  2 giant cockroaches (D:1)
  A hobgoblin (D:1)
  2 jackals (D:1)
  A kobold (D:1)
  A bat (D:1)
  A frilled lizard (D:1)
  4 goblins (D:1)
  2 rats (D:1)
15 creatures vanquished.

Notes
Turn   | Place    | Note
-------+----------+-------------------------------------------
     0 | D:1      | varam the Demonspawn Wizard began the quest for the Orb.
     0 | D:1      | Reached XP level 1. HP: 13/13 MP: 4/4
   325 | D:1      | Gained mutation: You are partially covered in molten scales. (AC +2) [demonic ancestry]
   325 | D:1      | Reached XP level 2. HP: 18/19 MP: 0/6
   779 | D:1      | Learned a level 2 spell: Call Imp
   915 | D:1      | Slain by a kobold

Vault maps used:
D:1:      dpeg_arrival_solitude, serial_forest, infiniplex_forest_corner_1,
          infiniplex_forest_clump_small, infiniplex_forest_end_1,
          infiniplex_forest_straight_4, infiniplex_forest_lined_room_,
          infiniplex_forest_clump_double, infiniplex_forest_straight_2

Action                   || total
-------------------------++-------
Melee: Dagger            ||    25
 Cast: Magic Dart        ||    38
Armor: Robe              ||    10
Dodge: Dodged            ||    19
